 Dungeon Crawl Stone Soup version 0.19.1 (webtiles) character file.

1335 Drake the Gusty (level 8, 0/62 HPs)
             Began as a Demonspawn Air Elementalist on May 22, 2017.
             Was a Follower of Hepliaklqana.
             Slain by an orc warrior
             ... wielding a +0 hand axe
              (15 damage)
             ... on level 4 of the Dungeon.
             The game lasted 00:27:53 (5444 turns).

Drake the Gusty (Demonspawn Air Elementalist)       Turns: 5444, Time: 00:27:54

Health: 0/62       AC: 11    Str: 14    XL:     8   Next: 35%
Magic:  15/15      EV:  9    Int: 23    God:    Hepliaklqana [*.....]
Gold:   264        SH:  0    Dex: 14    Spells: 1 memorised, 15 levels left

rFire  + . .     SeeInvis .     n - +0 flail (protect)
rCold  . . .     Gourm    .     e - +0 scale mail
rNeg   . . .     Faith    .     (no shield)
rPois  +         Spirit   .     (helmet unavailable)
rElec  .         Reflect  .     (no cloak)
rCorr  .         Harm     .     f - +0 pair of gloves
MR     .....     Rnd*Rage +     q - +0 pair of boots
Stlth  +.........               (no amulet)
                                l - +4 ring of strength
                                p - +6 ring of intelligence

@: invisible
A: reduced essence, horns 3, slimy green scales 2, berserk 1, blurry vision 1,
fire resistance 1, poison resistance, robust 1, rot immunity, MP-powered wands
a: Recall Ancestor, Ancestor Identity, Renounce Religion


You were on level 4 of the Dungeon.
You worshipped Hepliaklqana.
Hepliaklqana was aware of your devotion.
You were not hungry.

You visited 2 branches of the dungeon, and saw 6 of its levels.

You collected 264 gold pieces.

Inventory:

Hand Weapons
 a - a +0 hand axe
 n - a +0 flail of protection (weapon)
Armour
 e - a +0 scale mail (worn)
 f - a +0 pair of gloves (worn)
 q - a +0 pair of boots (worn)
 y - a +0 plate armour
Jewellery
 h - an uncursed ring of ice
 l - a +4 ring of strength (right hand)
 p - a +6 ring of intelligence (left hand)
Wands
 m - a wand of disintegration (4/24)
 t - a wand of confusion (30/48)
 w - a wand of teleportation (3/9)
Scrolls
 g - 2 scrolls of teleportation
 o - 2 scrolls of fog
 r - a scroll of identify
 u - a scroll of blinking
 v - a scroll of remove curse
Potions
 i - a potion of flight
 x - 3 potions of cure mutation
 z - a potion of curing
Books
 b - a book of Air

   Spells                             Type                      Level
   a - Shock                          Conjuration/Air              1
   b - Swiftness                      Charms/Air                   2
   c - Repel Missiles                 Charms/Air                   2
   d - Static Discharge               Conjuration/Air              3
   e - Lightning Bolt                 Conjuration/Air              5
Comestibles
 c - 2 bread rations
 j - a meat ration
 k - 3 fruits


   Skills:
 + Level 5.0 Fighting
 - Level 1.7 Dodging
 - Level 1.7 Stealth
 + Level 4.9 Spellcasting
 + Level 5.0 Conjurations
 + Level 5.3 Air Magic


You had 15 spell levels left.
You knew the following spells:

 Your Spells              Type           Power        Failure   Level  Hunger
a - Shock                 Conj/Air       ####         8%          1    None


Dungeon Overview and Level Annotations

Branches:
Dungeon (5/15)             Temple (1/1) D:4

Altars:
Ashenzari
Cheibriados
Dithmenos
Elyvilon
Fedhas
Hepliaklqana
Kikubaaqudgha
Makhleb
Nemelex Xobeh
Okawaru
Qazlal
Ru
Sif Muna
Trog
Uskayaw
Vehumet
Xom
Yredelemnul
Zin
The Shining One

Shops:
D:4 *


Innate Abilities, Weirdness & Mutations

You have a pair of large horns on your head.
You are mostly covered in slimy green scales. (AC +3)
You are immune to rotting.
Your life essence is reduced. (-10% HP)
You tend to lose your temper in combat.
Scrolls take you a little longer to read.
Your flesh is heat resistant. (rF+)
Your system is resistant to poisons. (rPois)
You are robust. (+10% HP)
You expend magic power (3 MP) to strengthen your wands.


Message History

The orc warrior is heavily wounded.
The orc warrior completely misses you.
You closely miss the orc warrior.
The orc warrior is heavily wounded.
The orc warrior hits you with a hand axe!
You completely miss the orc warrior.
The orc warrior is heavily wounded.
The orc warrior hits you but does no damage.
The orc warrior hits you with a hand axe.
You barely miss the orc warrior.
The orc warrior is heavily wounded.
You feel less woody.
Your +0 pair of gloves unmelds from your body.
Your +0 pair of boots unmelds from your body.
Your +0 scale mail unmelds from your body.
The orc warrior hits you with a hand axe!
* * * LOW HITPOINT WARNING * * *
You fade into invisibility!
The orc warrior hits you with a hand axe!
You die...

#...........#
#.#########.# #.#..
.#.####
#.#.#####.#....#
#.#.......#.####
######.#.##....#.###
........<.........>#
....##.#.##..∩.#o#.#
.>..##...o.....#@#.#
R...##..†##...##.#.#
....##...##...##.#.#
....##...#######.#.#
....##...# #.#.#
######...# #.#.# ##
#...# #.#.# .#
#...##### #.#.# .#
#........ #.#


You could see an orc warrior.

Vanquished Creatures
  A human (D:3)
  The ghost of Drake the Slasher, an amateur DsGl (D:4)
  A sky beast (D:5)
  An ice beast (D:5)
  A centaur (D:5)
  An ogre (D:5)
  A scorpion (D:5)
  A crimson imp (D:5)
  2 hounds (D:5)
  2 orc priests (D:3)
  An orc wizard (D:3)
  2 bullfrog skeletons
  Jessica (D:2)
  A human skeleton (D:3)
  A worker ant (D:5)
  2 hound skeletons
  A howler monkey zombie (D:5)
  Robin (D:3)
  5 adders
  4 gnolls (D:3)
  5 worms
  5 dart slugs
  3 leopard geckos
  4 orcs (D:3)
  9 bats
  3 giant cockroaches
  15 goblins
  7 hobgoblins
  2 jackals (D:5)
  3 quokkas (D:2)
  4 ball pythons
  A jackal skeleton (D:5)
  7 kobolds
  A quokka skeleton (D:5)
  6 rats
106 creatures vanquished.

Vanquished Creatures (collateral kills)
  A scorpion (D:4)
  An orc wizard (D:3)
  2 adders (D:3)
  5 orcs
  A giant cockroach (D:4)
  2 goblins (D:3)
  A hobgoblin (D:3)
  2 quokkas
  A bat (D:3)
  A kobold (D:2)
  A rat (D:3)
18 creatures vanquished.

Vanquished Creatures (others)
  3 ancestors
3 creatures vanquished.

Grand Total: 127 creatures vanquished

Notes
Turn   | Place    | Note
-------+----------+-------------------------------------------
     0 | D:1      | Drake the Demonspawn Air Elementalist began the quest for the Orb.
     0 | D:1      | Reached XP level 1. HP: 13/13 MP: 3/3
   207 | D:1      | Gained mutation: You are immune to rotting. [demonic ancestry]
   207 | D:1      | Reached XP level 2. HP: 17/20 MP: 5/5
   492 | D:1      | Reached skill level 1 in Fighting
   593 | D:1      | Found a shimmering altar of Xom.
   595 | D:1      | Found a white marble altar of Elyvilon.
   595 | D:1      | Found a radiant altar of Vehumet.
   597 | D:1      | Found an iron altar of Okawaru.
   597 | D:1      | Found a stormy altar of Qazlal.
   597 | D:1      | Found a hide-covered altar of Uskayaw.
   714 | D:2      | Noticed Jessica
   728 | D:2      | Killed Jessica
   728 | D:2      | Gained mutation: You have a pair of small horns on your head. [demonic ancestry]
   728 | D:2      | Reached XP level 3. HP: 18/26 MP: 6/6
  1276 | D:2      | Gained mutation: You are partially covered in slimy green scales. (AC +2) [demonic ancestry]
  1276 | D:2      | Reached XP level 4. HP: 30/33 MP: 7/7
  1382 | D:2      | Found a sacrificial altar of Ru.
  1383 | D:2      | Found a hazy altar of Hepliaklqana.
  1394 | D:2      | Found a deep blue altar of Sif Muna.
  1562 | D:2      | Became a worshipper of Hepliaklqana the Forgotten
  1675 | D:2      | Gained mutation: You expend magic power (3 MP) to strengthen your wands. [potion of mutation]
  1675 | D:2      | Gained mutation: Your flesh is heat resistant. (rF+) [potion of mutation]
  1675 | D:2      | Gained mutation: Scrolls take you a little longer to read. [potion of mutation]
  1676 | D:2      | Gained mutation: Your system is resistant to poisons. (rPois) [potion of mutation]
  1676 | D:2      | Gained mutation: You are robust. (+10% HP) [potion of mutation]
  1676 | D:2      | Gained mutation: You tend to lose your temper in combat. [potion of mutation]
  1790 | D:3      | Noticed Robin
  1798 | D:3      | Killed Robin
  1877 | D:3      | Gained mutation: You have a pair of horns on your head. [demonic ancestry]
  1877 | D:3      | Reached XP level 5. HP: 12/39 MP: 9/9
  2623 | D:3      | Gained mutation: You are mostly covered in slimy green scales. (AC +3) [demonic ancestry]
  2623 | D:3      | Reached XP level 6. HP: 38/47 MP: 10/10
  3020 | D:3      | Found a runed door.
  3020 | D:3      | Noticed a human
  3032 | D:3      | Found a basalt altar of Yredelemnul.
  3040 | D:3      | Killed a human
  3253 | D:4      | Found Yddoi's General Store.
  3260 | D:4      | Gained mutation: You have a pair of large horns on your head. [demonic ancestry]
  3260 | D:4      | Reached XP level 7. HP: 46/53 MP: 12/12
  3271 | D:4      | Noticed Drake's ghost (amateur DsGl)
  3280 | D:4      | Killed Drake's ghost
  3310 | D:4      | Found a staircase to the Ecumenical Temple.
  3565 | D:4      | HP: 1/54 [orc warrior/hand axe (12)]
  3591 | Temple   | Entered the Ecumenical Temple
  3591 | Temple   | Reached * piety under Hepliaklqana
  4084 | D:5      | Entered Level 5 of the Dungeon
  4396 | D:5      | Reached XP level 8. HP: 26/61 MP: 14/14
  4407 | D:5      | Reached skill level 5 in Air Magic
  5315 | D:5      | Reached skill level 5 in Fighting
  5315 | D:5      | Reached skill level 5 in Conjurations
  5444 | D:4      | Slain by an orc warrior

Skill      XL: |  1  2  3  4  5  6  7  8 |
---------------+-------------------------+-----
Fighting       | 1 2 3 4 5 |  5.0
Air Magic      | 3 4 5 |  5.3
Conjurations   | 2 3 4 5 |  5.0
Spellcasting   | 3 4 |  4.9
Dodging        | |  1.7
Stealth        | |  1.7

Action                   |  1- 3 |  4- 6 |  7- 9 || total
-------------------------+-------+-------+-------++-------
Melee: Hand axe          |   105 |   165 |       ||   270
       Headbutt          |     6 |    38 |    21 ||    65
       Flail             |       |    21 |   183 ||   204
Invok: Ancestor Identity |       |     1 |     1 ||     2
  Use: Scroll            |     5 |     5 |     3 ||    13
       Potion            |     1 |     5 |     5 ||    11
 Stab: Distracted        |       |     2 |       ||     2
  Eat: Bread ration      |     1 |     1 |       ||     2
       Meat ration       |       |       |     2 ||     2
       Chunk             |       |       |     3 ||     3
Armor: Scale mail        |    92 |    97 |   170 ||   359
       Skin              |       |       |     8 ||     8
Dodge: Dodged            |    72 |    69 |   114 ||   255
